 Dungeon Crawl Stone Soup version 0.28.0-43-g3370ac3207 (webtiles) character file.

Game seed: 15531839535725340271

177 suse60 the Conjurer (level 5, -1/36 HPs)
             Began as a Human Conjurer on Mar 1, 2022.
             Slain by a sky beast (5 damage)
             ... on level 6 of the Dungeon.
             The game lasted 00:38:51 (3277 turns).

suse60 the Conjurer (Human Conjurer)                Turns: 3277, Time: 00:38:51

Health: -1/36      AC:  5    Str: 13    XL:     5   Next: 87%
Magic:  4/9        EV: 12    Int: 20    God:
Gold:   118        SH:  0    Dex: 11    Spells: 2/9 levels left

rFire   . . .      SeeInvis .   g - +0 rapier
rCold   . . .      Faith    .   (no shield)
rNeg    . . .      Spirit   .   a - +0 robe
rPois   .          Reflect  .   j - +2 helmet of Parsimonious Leaves {Will- Str+5}
rElec   .          Harm     .   e - scarf {repulsion}
rCorr   .          Rampage  .   (no gloves)
Will    .....                   (no boots)
Stlth   ++........              (no amulet)
HPRegen 0.12/turn               (no ring)
MPRegen 0.11/turn               (no ring)

@: repel missiles
A: no striking features
a: no special abilities


You were on level 6 of the Dungeon.
You visited 1 branch of the dungeon, and saw 4 of its levels.

You collected 118 gold pieces.

Inventory:

Hand Weapons
 g - a +0 rapier (weapon)
 m - a +1 war axe of venom
Armour
 a - a +0 robe (worn)
 e - a scarf of repulsion (worn)
 i - a +0 ring mail
 j - the +2 helmet of Parsimonious Leaves (worn) {Will- Str+5}
   (You took it off Robin on level 3 of the Dungeon)

   Str:       It affects your strength (+5).
   Will:      It decreases your willpower.
Magical Staves
 c - a staff of death
Wands
 k - a wand of flame (19)
Scrolls
 f - a scroll of fog {unknown}
 h - a scroll of teleportation {unknown}
 n - a scroll of noise {unknown}
Potions
 b - 2 potions of curing
 d - a potion of invisibility {unknown}
 l - a potion of attraction {unknown}


   Skills:
 + Level 0.8 Fighting
 + Level 1.9 Short Blades
 + Level 2.3 Dodging
 + Level 2.3 Stealth
 + Level 2.8 Spellcasting
 + Level 5.3 Conjurations


You had 2 spell levels left.
You knew the following spells:

 Your Spells              Type           Power      Damage    Failure   Level
a - Magic Dart            Conj           96%        1d7       1%          1
b - Searing Ray           Conj           48%        2d6       2%          2
c - Sandblast             Erth           4%         2d4       14%         1
d - Stone Arrow           Conj/Erth      26%        3d8       14%         3

Your spell library contained the following spells:

 Spells                   Type           Power      Damage    Failure   Level
 Passwall                 Tmut/Erth      1%         N/A       22%         2
 Dazzling Flash           Conj/Hex       26%        N/A       14%         3
 Fulminant Prism          Conj/Hex       6%         3d7       43%         4
 Iskenderun's Mystic Bla  Conj/Tloc      13%        2d5       43%         4


Dungeon Overview and Level Annotations

Branches:
Dungeon (3/15)

Altars:
Elyvilon
Ru


Message History

The sky beast closely misses you.
You hit the sky beast.
The sky beast is heavily wounded.
The sky beast hits you. The sky beast shocks you.
You closely miss the sky beast.
The sky beast is heavily wounded.
The sky beast hits you but does no damage.
The sky beast flickers out of sight!
Deactivating autopickup; reactivate with Ctrl-A.
Something hits you. Something shocks you.
You miss something. Something hits you but does no damage.
You hit something. Something hits you but does no damage.
You miss something. Something hits you but does no damage.
You miss something. Something hits you but does no damage.
You miss something. Something hits you but does no damage.
You hit something. Something hits you but does no damage.
You hit something. Something hits you but does no damage.
You closely miss something. Something hits you. Something shocks you.
You barely miss something.
A sky beast appears from thin air!
Reactivating autopickup.
The sky beast barely misses you. The sky beast completely misses you.
You hit the sky beast but do no damage.
The sky beast is almost dead.
The sky beast hits you. The sky beast shocks you.
* * * LOW HITPOINT WARNING * * *
You feel better. The sky beast closely misses you.
You closely miss the sky beast.
The sky beast is almost dead.
The sky beast hits you.
* * * LOW HITPOINT WARNING * * *
The sky beast shocks you.
* * * LOW HITPOINT WARNING * * *
You feel better. The sky beast hits you. The sky beast shocks you.
* * * LOW HITPOINT WARNING * * *
You barely miss the sky beast.
The sky beast is severely wounded.
The sky beast hits you.
* * * LOW HITPOINT WARNING * * *
The sky beast shocks you.
You die...

≈≈≈≈...##.......#
........#.......######
!..........##........##
......###...##........#
l.....####..####.....##
Y.......###..#####...#
.........#...#...#####
.........#.........#
#$...###@...........# #
##Y..........#
#...........#
.............#
#...............
##.#............
####.....#....#
#..........


You could see a sky beast.

Vanquished Creatures
  A hound (D:6)
  Jessica (D:2)
  Robin (D:3)
  2 gnolls (D:3)
  4 adders
  8 endoplasms
  A giant cockroach (D:1)
  11 goblins
  6 hobgoblins
  6 jackals
  2 quokkas
  4 ball pythons
  2 bats
  2 frilled lizards
  A kobold (D:3)
  3 rats
55 creatures vanquished.

Notes
Turn   | Place    | Note
-------+----------+-------------------------------------------
     0 | D:1      | suse60 the Human Conjurer began the quest for the Orb.
     0 | D:1      | Reached XP level 1. HP: 13/13 MP: 3/3
    42 | D:1      | Found a faded altar of an unknown god.
   149 | D:1      | Reached XP level 2. HP: 19/19 MP: 1/5
   325 | D:1      | Learned a level 2 spell: Searing Ray
  1246 | D:2      | Noticed Jessica
  1248 | D:2      | Reached XP level 3. HP: 24/24 MP: 1/6
  1303 | D:2      | Killed Jessica
  1304 | D:2      | Reached XP level 4. HP: 16/30 MP: 3/7
  1452 | D:2      | Learned a level 1 spell: Sandblast
  1456 | D:2      | Learned a level 3 spell: Stone Arrow
  1586 | D:2      | Reached skill level 5 in Conjurations
  2295 | D:3      | Reached skill level 1 in Short Blades
  2520 | D:3      | Reached XP level 5. HP: 36/36 MP: 4/8
  2567 | D:3      | Found a white marble altar of Elyvilon.
  2568 | D:3      | Identified the +2 helmet of Parsimonious Leaves {Will-
                  | Str+5}
  2568 | D:3      | Noticed Robin
  2584 | D:3      | Killed Robin
  3096 | D:3      | You fall into a shaft and drop 3 floors!
  3179 | D:6      | Found a sacrificial altar of Ru.
  3213 | D:6      | Noticed a sky beast
  3220 | D:6      | Noticed a sky beast
  3277 | D:6      | Slain by a sky beast

Illustrated notes

Levels and vault maps discovered:
D:1:      dpeg_arrival_round_a, layout_basic, basic_ecumenical_altar,
          amcnicky_mini_corridor_feature
D:2:      layout_loops_cross, kennysheep_decorative_pillar, dk_noncrumbling_3,
          uniq_jessica
D:3:      layout_loops_ring, elyvilon_altar_3, uniq_robin
D:6:      layout_cave_pools, mainiacjoe_overflow_brackets, lemuel_tele_altar,
          uniq_blork_the_orc, uniq_edmund

Skill      XL: |  1  2  3  4 |
---------------+-------------+-----
Conjurations   | 5 |  5.3
Short Blades   | 1 |  1.9
Fighting       | |  0.8
Dodging        | |  2.3
Stealth        | |  2.3
Spellcasting   | |  2.8

Action                   |  1- 3 |  4- 6 || total
-------------------------+-------+-------++-------
Melee: Rapier            |     9 |    39 ||    48
 Cast: Magic Dart        |    29 |    83 ||   112
  Use: Scroll            |       |     1 ||     1
       Potion            |       |     2 ||     2
 Stab: Sleeping          |       |     1 ||     1
Armor: Robe              |     1 |    13 ||    14
Dodge: Dodged            |     4 |    31 ||    35
